 Dungeon Crawl Stone Soup version 0.27.1-3-gb3d3a73c9e (webtiles) character file.

Game seed: 9313978135873270160

4 Atelerd the Digger (level 1, 0/11 HPs)
             Began as an Octopode Earth Elementalist on Oct 30, 2021.
             Frozen to death by an endoplasm (3 damage)
             ... on level 1 of the Dungeon.
             The game lasted 00:00:23 (461 turns).

Atelerd the Digger (Octopode Earth Elementalist)     Turns: 461, Time: 00:00:24

Health: 0/11       AC:  1    Str:  7    XL:     1   Next: 70%
Magic:  1/3        EV: 13    Int: 17    God:
Gold:   18         SH:  0    Dex: 12    Spells: 3/4 levels left

rFire    . . .     SeeInvis .   (no weapon)
rCold    . . .     Faith    .   (no shield)
rNeg     . . .     Spirit   .   (helmet restricted)
rPois    .         Reflect  .   (no amulet)
rElec    .         Harm     .   (no ring)
rCorr    .         Rampage  .   (no ring)
Will     .....                  (no ring)
Stlth    +++.......             (no ring)
HPRegen  0.03/turn              (no ring)
MPRegen  0.08/turn              (no ring)
                                (no ring)
                                (no ring)

@: very slightly contaminated
A: almost no armour, amphibious, 8 rings, camouflage 1, gelatinous body 1,
(nimble swimmer 1), tentacles
a: no special abilities


You were on level 1 of the Dungeon.
You visited 1 branch of the dungeon, and saw 1 of its levels.

You collected 18 gold pieces.

Inventory:

Missiles
 b - 24 stones
Potions
 a - a potion of might {unknown}


   Skills:
 - Level 2.0 Dodging
 - Level 2.6 Stealth
 + Level 2.1 Spellcasting
 + Level 1.2 Transmutations
 + Level 3.1 Earth Magic


You had 3 spell levels left.
You knew the following spells:

 Your Spells              Type           Power      Damage    Failure   Level
a - Sandblast             Erth           24%        2d8       5%          1

Your spell library contained the following spells:

 Spells                   Type           Power      Damage    Failure   Level
 Passwall                 Tmut/Erth      7%         N/A       12%         2
 Blink                    Tloc           N/A        N/A       28%         2
 Stone Arrow              Conj/Erth      14%        3d7       30%         3
 Lesser Beckoning         Tloc           0%         N/A       50%         3
 Petrify                  Tmut/Erth      9%         N/A       61%         4
 Manifold Assault         Tloc           1%         N/A       99%         5


Dungeon Overview and Level Annotations

Branches:
Dungeon (1/15)

Altars:


Innate Abilities, Weirdness & Mutations

You cannot wear most types of armour.
You are amphibious.
You can wear up to eight rings at the same time.
Your skin changes colour to match your surroundings (Stealth+).
Your rubbery body absorbs attacks. (AC +1, EV +1)
((You are camouflaged near water. (Stealth+)))
You have tentacles for arms and can constrict up to eight enemies at once.


Message History

Found a stone staircase leading down.
Really wriggle into that teleport trap?
You enter a teleport trap!
The teleport trap disappears.
Your surroundings suddenly seem different.
Okay, then.
Found a curved runed staff.
A hobgoblin comes into view.
A hobgoblin is nearby!
Found a stone staircase leading down.
A hobgoblin is nearby!
An endoplasm comes into view.
There are monsters nearby!
A hobgoblin is nearby!
A kobold comes into view. It is wielding a +0 short sword.
Found a fizzy inky potion.
The hobgoblin shouts!
The hobgoblin hits you.
There are monsters nearby!
You closely miss the hobgoblin.
The kobold shouts!
You grab the hobgoblin. You squeeze the hobgoblin.
You kill the hobgoblin!
There are monsters nearby!
A bat comes into view.
The blast of sand hits the bat.
You kill the bat!
You closely miss the kobold. Your grab misses the kobold.
The kobold closely misses you.
You miscast Sandblast.
You are very lightly contaminated with residual magic.
Nothing appears to happen.
A bat comes into view.
The kobold hits you with a +0 short sword.
The bat moves out of view.
You barely miss the endoplasm.
The kobold hits you with a +0 short sword.
* * * LOW HITPOINT WARNING * * *
The endoplasm freezes you.
You are frozen.
You die...

#.#..# #..#
####....###..#
.............#
#######..##.##
##.....# #..#..#
#.....###..
#...J......
##.@K######
...!..†.........
....####.b######
.. #..# #.>.
#####


You could see an endoplasm, a bat and a kobold.

Vanquished Creatures
  A ball python (D:1)
  A hobgoblin (D:1)
  A bat (D:1)
  A frilled lizard (D:1)
  A goblin (D:1)
5 creatures vanquished.

Notes
Turn   | Place    | Note
-------+----------+-------------------------------------------
     0 | D:1      | Atelerd the Octopode Earth Elementalist began the quest for
                  | the Orb.
     0 | D:1      | Reached XP level 1. HP: 11/11 MP: 3/3
   461 | D:1      | Frozen to death by an endoplasm

Illustrated notes

Levels and vault maps discovered:
D:1:      sevenhm_arrival_forest_fort_large_4, layout_basic,
          chequers_serial_rivers_micro_c

Action                   || total
-------------------------++-------
Melee: Unarmed           ||     4
       Constrict         ||     2
       Tentacles         ||     1
 Cast: Sandblast         ||     6
Dodge: Dodged            ||     2
